Map: Tokamak LE

Players

SteveWeve - Winner!

  • Race: Protoss Protoss
  • League: Diamond
  • Spawn Location: 7:00

LigerMaNN

  • Race: Zerg Zerg
  • League: Diamond
  • Spawn Location: 1:00

VOD

Have the link to the VOD?

Description

Time

  • Played on: July 2, 2025, 11:43 p.m.
  • Length: 6:56
Show
View Real Time Build Order
Export as new Build Order

SteveWeve Protoss - Winner!

Build Orders: Zealot Archon, Dark Templar Rush 

Get SALT Encoding   

  12  0:00  Probe  
  13  0:12  Probe  
  14  0:22  Pylon  
  14  0:24  Probe  
  15  0:38  Probe  
  15  0:41  Gateway  
  16  0:46  Probe  
  16  0:51  Assimilator  
  16  0:55  Probe  
  17  1:06  Probe  
  18  1:14  Gateway, Probe  
  19  1:22  Probe  
  19  1:31  Cybernetics Core  
  20  1:40  Gateway  
  20  1:52  Nexus  
  20  1:57  Zealot  
  22  2:03  Pylon  
  22  2:06  Probe  
  23  2:09  Warp Gate  
  23  2:14  Assimilator  
  23  2:21  Probe  
  24  2:27  Adept  
  26  2:31  Adept  
  28  2:42  Twilight Council  
  28  2:48  Pylon  
  28  3:00  Probe  
  28  3:04  Probe  
  30  3:08  Probe  
  31  3:16  Probe  
  31  3:18  Probe, Shield Battery  
  32  3:21  Zealot  
  35  3:28  Dark Shrine  
  31  3:52  Gateway  
  31  3:53  Gateway  
  31  3:55  Gateway  
  31  3:58  Gateway  
  31  4:03  Zealot  
  31  4:08  Zealot  
  35  4:22  Probe x2  
  35  4:23  Shield Battery  
  33  4:29  Zealot  
  35  4:31  Probe  
  35  4:32  Probe  
  35  4:36  Stalker  
  39  4:39  Probe  
  39  4:40  Probe  
  41  4:50  Dark Templar  
  41  4:51  Dark Templar  
  45  4:55  Archon  
  45  4:58  Zealot  
  45  5:01  Dark Templar  
  45  5:05  Dark Templar  
  49  5:10  Probe x2, Archon  
  49  5:12  Dark Templar  
  53  5:18  Probe  
  53  5:28  Pylon  
  54  5:30  Pylon  
  54  5:45  Nexus  
  54  5:46  Probe  
  54  5:47  Pylon  
  54  5:48  Pylon  
  55  5:52  Zealot  
  55  5:55  Zealot  
  59  6:04  Zealot x2  
  63  6:17  Zealot x2  
  63  6:18  Zealot  
  69  6:23  Probe x2  
  71  6:35  Probe  
  71  6:36  Probe  
  71  6:37  Dark Templar x2  
  75  6:40  Dark Templar  
Show
View Real Time Build Order
Export as new Build Order

LigerMaNN Zerg 

Build Orders: Hatch First 

Get SALT Encoding   

  12  0:01  Drone  
  13  0:13  Overlord  
  13  0:16  Drone  
  14  0:31  Drone x2  
  16  0:47  Hatchery  
  15  0:51  Drone  
  15  0:55  Drone  
  17  0:58  Drone  
  18  1:09  Extractor  
  17  1:18  Spawning Pool  
  16  1:20  Drone  
  16  1:23  Drone  
  18  1:29  Drone  
  19  1:39  Drone  
  20  1:50  Drone  
  21  2:02  Overlord  
  21  2:04  Zergling x2  
  21  2:08  Queen x2  
  26  2:18  Metabolic Boost  
  26  2:21  Drone x3  
  29  2:26  Drone  
  30  2:37  Hatchery  
  30  2:42  Overlord  
  29  2:53  Zergling x8  
  33  2:59  Baneling Nest  
  33  3:02  Zergling x2  
  33  3:06  Zergling x4  
  35  3:14  Overlord  
  35  3:20  Zergling x8  
  37  3:40  Drone x3  
  36  3:49  Drone x5  
  36  3:52  Drone x3  
  36  3:53  Drone  
  45  3:59  Baneling Nest  
  39  4:19  Zergling x16  
  39  4:20  Zergling x2  
  41  4:31  Drone x3  
  41  4:32  Drone  
  41  4:35  Lair  
  41  4:36  Drone  
  46  4:39  Drone, Extractor  
  42  5:09  Drone x11, Roach Warren  
  42  5:10  Drone  
  42  5:11  Drone  
  42  5:12  Drone  
  55  5:22  Extractor x2  
  55  5:26  Drone x3, Evolution Chamber  
  55  5:28  Drone  
  55  5:31  Queen  
  53  5:44  Drone x3  
  56  5:54  Zergling x4  
  58  6:07  Roach  
  58  6:08  Zergling x2  
  58  6:09  Zergling x2  
  58  6:10  Overlord x2  
  58  6:11  Overlord x5  
  46  6:26  Roach x4  
Tags
 
Composition
Zealot Archon
Matchup
PvZ
Replay Pack
June 2025
Spawn Locations
Cross Positions
Add a new tag
Caveats
  • Supply blocks, unpowered buildings, or Contaminate may cause inaccurate times.
  • Supply counts are checked every 10 seconds.